 Dungeon Crawl Stone Soup version 0.29.1-1-gd02db6906a (webtiles) character file.

Game seed: 3389926048518955616

121040 quakins the Warrior (level 16, -14/196 HPs)
             Began as a Troll Transmuter on Oct 22, 2022.
             Was the Champion of Jiyva.
             Demolished by a merfolk
             ... wielding a +0 trident
              (26 damage)
             ... on level 3 of the Shoals.
             The game lasted 00:57:41 (21396 turns).

quakins the Warrior (Troll Transmuter)             Turns: 21396, Time: 00:57:42

Health: -14/196    AC:  9    Str: 37    XL:     16   Next: 1%
Magic:  16/16      EV: 14    Int: 11    God:    Jiyva [******]
Gold:   551        SH:  6    Dex: 12    Spells: 12/17 levels left

rFire   . . .      SeeInvis .     - Unarmed
rCold   + + +      Faith    .   (no shield)
rNeg    + . .      Spirit   .   w - +0 troll leather armour
rPois   +          Reflect  .   (helmet restricted)
rElec   .          Harm     .   B - +0 cloak
rCorr   +          Rampage  .   (gloves unavailable)
Will    +....                   (boots unavailable)
Stlth   ++++......              I - amulet of Vitality {RegenMP++ Regen++}
HPRegen 6.02/turn               K - ring of Efeco {rPois rC+++ Will+ Str+5}
MPRegen 1.45/turn               G - ring "Cylo" {rPois rN+ Str+2 Stlth+}

@: weak-willed
A: large, unfitting armour, claws 3, regeneration 2, shaggy fur 2, tough skin 1,
talons 3, large bone plates 2, agile 1, clever 1, robust 1, strong 1, acidic
bite, gelatinous body 1, translucent skin 2, tendrils
}: 1/15 runes: slimy
a: Renounce Religion, Oozemancy, Slimify


You were on level 3 of the Shoals.
You worshipped Jiyva.
Jiyva was exalted by your worship.
You visited 5 branches of the dungeon, and saw 30 of its levels.
You visited 1 bazaar.
You also visited: Gauntlet.

You collected 1518 gold pieces.
You spent 967 gold pieces at shops.

Inventory:

Missiles
 h - 14 poisoned darts
 q - 11 curare-tipped darts
 M - 2 throwing nets
 O - 8 silver javelins
 Q - 3 javelins
Armour
 w - a +0 troll leather armour (worn)
 B - a +0 cloak (worn)
Jewellery
 i - a +6 ring of strength
 D - a ring of protection from fire
 F - the amulet of Olorich {Reflect Fly rElec rF++ Str-3 SH+5}
   (You found it on level 5 of the Lair of Beasts)

   [amulet of reflection]

   It reflects blocked missile attacks.
   Str:       It affects your strength (-3).
   rF:        It greatly protects you from fire.
   rElec:     It insulates you from electricity.
   Fly:       It grants you flight.
   SH:        It affects your SH (+5).
 G - the ring "Cylo" (right claw) {rPois rN+ Str+2 Stlth+}
   (You found it on level 5 of the Pits of Slime)

   [ring of positive energy]

   Str:       It affects your strength (+2).
   rPois:     It protects you from poison.
   rN:        It protects you from negative energy.
   Stlth:     It makes you more stealthy.
 H - the ring "Cuedus" {Fire Drain rN+++ SInv}
   (You found it on level 5 of the Pits of Slime)

   [ring of fire]

   It enhances your fire magic.
   rF:        It protects you from fire.
   rC:        It makes you vulnerable to cold.
   rN:        It renders you almost immune to negative energy.
   SInv:      It lets you see invisible.
   Drain:     It drains your maximum health when unequipped.
 I - the amulet of Vitality (around neck) {RegenMP++ Regen++}
   (You found it on level 5 of the Pits of Slime)

   [amulet of magic regeneration]

   It increases your rate of magic regeneration.
   Regen:     It increases your rate of health regeneration.
 K - the ring of Efeco (left claw) {rPois rC+++ Will+ Str+5}
   (You found it on level 15 of the Dungeon)

   [ring of willpower]

   Str:       It affects your strength (+5).
   rC:        It renders you almost immune to cold.
   rPois:     It protects you from poison.
   Will:      It increases your willpower.
 P - a +6 ring of strength
Wands
 l - a wand of paralysis (14)
 r - a wand of digging (7)
 s - a wand of flame (31)
 t - a wand of roots (1)
 L - a wand of mindburst (4)
 R - a wand of polymorph (13)
Scrolls
 d - 17 scrolls of teleportation
 e - 3 scrolls of noise
 j - 3 scrolls of fear
 k - 4 scrolls of amnesia
 m - 5 scrolls of vulnerability
 o - 2 scrolls of blinking
 x - 2 scrolls of enchant weapon
 y - 3 scrolls of enchant armour
 z - 2 scrolls of fog
 C - 2 scrolls of immolation
 E - a scroll of brand weapon
 J - a scroll of summoning
 N - 2 scrolls of poison
 S - 3 scrolls of silence
 T - 4 scrolls of identify
 U - a scroll of magic mapping {unknown}
Potions
 a - a potion of brilliance
 b - 2 potions of lignification
 c - 3 potions of ambrosia
 f - 2 potions of cancellation
 g - 6 potions of curing
 n - a potion of heal wounds
 p - a potion of attraction
 u - a potion of mutation
 v - 2 potions of degeneration
 A - 3 potions of haste


   Skills:
 - Level 16.0 Fighting
 + Level 11.0 Dodging
 - Level 4.0 Stealth
 - Level 14.0 Unarmed Combat
 - Level 1.2 Spellcasting
 - Level 6.0 Transmutations
 - Level 1.1 Earth Magic
 - Level 6.0 Evocations


You had 12 spell levels left.
You knew the following spells:

 Your Spells              Type           Power      Damage    Failure   Level
a - Beastly Appendage     Tmut           26%        N/A       3%          1
b - Wereblood             Tmut           13%        N/A       4%          2
c - Passwall              Tmut/Erth      6%         N/A       12%         2

Your spell library contained the following spells:

 Spells                   Type           Power      Damage    Failure   Level
 Spider Form              Tmut/Pois      7%         N/A       30%         3
 Ensorcelled Hibernation  Hex/Ice        0%         N/A       47%         2
 Ozocubu's Armour         Ice            0%         N/A       71%         3
 Swiftness                Air            0%         N/A       71%         3
 Ice Form                 Ice/Tmut       7%         N/A       71%         4
 Airstrike                Air            0%         2d(0-16)  98%         4
 Summon Lightning Spire   Summ/Air       0%         N/A       98%         4
 Lee's Rapid Deconstruct  Erth           1%         3d5*      99%         5
 Borgnjor's Vile Clutch   Necr/Erth      0%         N/A       100%        5
 Lightning Bolt           Conj/Air       0%         1d11      100%        5
 Iron Shot                Conj/Erth      0%         9d1       100%        6
 Ozocubu's Refrigeration  Ice            0%         4d7       100%        7


Dungeon Overview and Level Annotations

Branches:
Dungeon (15/15)            Temple (0/1) D:7            Lair (5/5) D:8
 Shoals (3/4) Lair:2       Spider (0/4) Lair:2        Slime (5/5) Lair:4
    Orc (2/2) D:10            Elf (0/3) Orc:2        Vaults (0/5) D:14
 Depths (0/4) D:15        Gauntlet (visited)

Altars:
Cheibriados
Elyvilon
Hepliaklqana
Kikubaaqudgha
Nemelex Xobeh
Ru
Uskayaw
Xom
The Shining One
Jiyva

Shops:
D:9 ?   D:14 =   Orc:2 :=?*

Annotations:
Slime:5 Royal Jelly


Innate Abilities, Weirdness & Mutations

You are too large for most types of armour.
You have claws for hands.
You heal very quickly.
You are covered in thick fur. (AC +2)
You have tough skin. (AC +1)
You have claws for feet.
You are mostly covered in large bone plates. (SH +6)
You are agile. (Dex +4, Str/Int -1)
Your mind is acute. (Int +4, Str/Dex -1)
You are robust. (+10% HP)
Your muscles are strong. (Str +4, Int/Dex -1)
You have acidic saliva.
Your rubbery body absorbs attacks. (AC +1, EV +1)
Your translucent skin reduces your foes' accuracy. (Stealth+)
You are covered in slimy tendrils that may disarm your opponents.


Message History

You claw the faun! Your kick misses the faun.
You bite the faun, but do no damage.
The faun is lightly wounded.
The faun unwields a +0 spear.
The faun wields a +0 sling.
The faun shoots a sling bullet.
The sling bullet hits you!
The faun hits you with a +0 quarterstaff!
The faun shoots a sling bullet.
The sling bullet hits you!!
You scratch the faun but do no damage. You claw the faun!!
The faun is severely wounded.
The faun hits you with a +0 quarterstaff!!
* * * LOW HITPOINT WARNING * * *
The faun casts a spell at you.
Your willpower is stripped away!
You closely miss the faun. Your kick misses the faun.
You bite the faun, but do no damage.
The faun is severely wounded.
A merfolk comes into view. It is wielding a +0 trident.
The faun misses you. The faun casts a spell at you.
You resist with some effort.
You eviscerate the faun!!!
You kill the faun!
The faun gestures at you while chanting.
You resist with some effort.
The faun shoots a sling bullet.
The sling bullet barely misses you.
The faun unwields a +0 sling.
The faun wields a +0 spear.
The faun hits you with a +0 spear!!
* * * LOW HITPOINT WARNING * * *
You eviscerate the faun!!! You claw the faun!
You kill the faun!
The faun shoots a sling bullet.
The sling bullet barely misses you.
The faun unwields a +0 sling.
The faun wields a +0 spear.
The faun hits you with a +0 spear!!
* * * LOW HITPOINT WARNING * * *
Things that are here:
a +0 longbow; a +0 spear You feel much better.
The faun hits you with a +0 spear!!
* * * LOW HITPOINT WARNING * * *
The merfolk hits you from afar with a +0 trident!!
You die...

...~~~....~~~.~~~≈≈
.....~~.....~~~~~≈≈≈
.............~~~≈≈≈≈
...~≈.!......~~~~~≈≈
#..≈≈≈.........~~~~≈
#≈≈≈.....##...~~~~~
#.≈≈m#.!)..<..~~~~~
###...).........~~~≈
.....~~@)....~~..~~≈
......c........~.~~≈
...~~..~..~~..~~~~~≈
...~~.~~~~~~...~~~≈≈
..~~~~~~~~~~..~~~≈≈≈
.~~~~~~~~.~~~~~~≈≈≈≈
~~~~~~~~~~~~~~~≈
≈≈≈~.~~≈≈≈≈≈≈≈≈


You could see a merfolk and a faun (strong).

Vanquished Creatures
  Saint Roka (Orc:2)
  Rupert (D:14)
  An orc warlord (Orc:2)
  A stone giant (D:15)
  Azrael (D:13)
  2 minotaurs (D:14)
  2 merfolk impalers
  A yaktaur captain (D:14)
  2 boulder beetles
  3 hydras
  4 centaur warriors
  2 merfolk avatars
  4 catoblepae
  An ogre mage (D:15)
  A satyr (Shoals:3)
  11 two-headed ogres
  6 death yaks
  4 orc high priests (Orc:2)
  2 deep troll earth magi (D:15)
  5 tengu warriors
  4 sea snakes
  A wizard (D:15)
  2 lindwurms (Lair:5)
  3 harpies (Shoals:2)
  9 orc knights
  Pikel (D:6)
  7 ugly things
  5 orc sorcerers
  2 cyclopes
  20 fauns
  4 manticores
  7 merfolk sirens
  10 black mambas
  2 water nymphs
  An elephant (D:8)
  3 molten gargoyles (Lair:5)
  3 gargoyles
  7 cane toads
  11 yaktaurs (D:14)
  2 unseen horrors
  4 rime drakes
  12 komodo dragons
  An efreet (D:14)
  5 trolls
  12 merfolk
  A meliai (shapeshifter) (D:13)
  A polar bear (Lair:4)
  2 wind drakes (Shoals:1)
  A hornet (Lair:2)
  10 dream sheep (Lair:1)
  7 snapping turtles
  12 blink frogs
  A jumping spider (shapeshifter) (D:15)
  3 wraiths
  40 yaks
  4 water elementals
  3 wyverns
  3 steam dragons
  A fire elemental (D:13)
  9 basilisks
  2 redbacks (Lair:2)
  4 vampire mosquitoes
  4 wargs
  2 acid dragons
  13 water moccasins
  4 hell hounds
  2 black bears
  An ice beast (D:8)
  51 orc warriors
  A sky beast (D:7)
  14 ogres
  9 centaurs
  9 wolves
  A phantom (D:6)
  A kobold brigand (D:9)
  7 bullfrogs
  2 scorpions
  A necrophage (D:5)
  5 wights (D:10)
  15 killer bees
  An electric eel (D:14)
  5 lava snakes (Lair:5)
  A crimson imp (D:3)
  4 hounds
  27 orc priests
  A gnoll bouda (D:3)
  5 iguanas
  Ijyb (D:5)
  22 orc wizards
  19 gnolls
  6 adders
  2 shadow imps
  3 dart slugs
  115 orcs
  2 giant cockroaches
  3 goblins (D:3)
  2 hobgoblins
  5 quokkas
  9 ball pythons
  A bat (D:1)
  A goblin skeleton (D:3)
  A goblin zombie (D:3)
  2 hobgoblin zombies (D:3)
  10 kobolds
  2 kobold skeletons (D:3)
  An orc zombie (D:3)
  4 rats
694 creatures vanquished.

Vanquished Creatures (others)
  The ghost of quakins the Destroyer, a journeyman OgCA of Ignis (Lair:5)
  A manticore (D:15)
  A cane toad (Lair:4)
  A rime drake (Lair:2)
  An efreet (D:15)
  3 komodo dragons
  8 slime creatures
  2 dream sheep (Lair:1)
  A steam dragon (Lair:5)
  2 basilisks
  2 vampire mosquitoes (D:13)
  3 water moccasins
  2 orc warriors
  3 hell hounds
  A black bear (D:8)
  A wolf (Lair:5)
  A kobold brigand (D:7)
  2 bullfrogs
  2 scorpions (D:6)
  A killer bee (D:9)
  A hound (D:7)
  70 jellies
  9 orc priests
  5 orc wizards
  A white imp (D:6)
  A dart slug (D:1)
  20 orcs
  An endoplasm (D:4)
  A giant cockroach (D:4)
  4 kobolds
  2 bushes (Lair:1)
  10 demonic plants (Gauntlet)
  68 fungi
  110 plants
  2 withered plants (Gauntlet)
344 creatures vanquished.

Grand Total: 1038 creatures vanquished

Notes
Turn   | Place    | Note
-------+----------+-------------------------------------------
     0 | D:1      | quakins the Troll Transmuter began the quest for the Orb.
     0 | D:1      | Reached XP level 1. HP: 18/18 MP: 1/1
    14 | D:1      | Found a faded altar of an unknown god.
    28 | D:1      | Prayed at the altar of an unknown god.
    28 | D:1      | Became a worshipper of Jiyva Jipoegar the Shapeless
    28 | D:1      | Reached * piety under Jiyva
    78 | D:1      | Reached XP level 2. HP: 17/26 MP: 2/2
   628 | D:2      | Reached ** piety under Jiyva
   687 | D:2      | Reached XP level 3. HP: 30/32 MP: 3/3
  1046 | D:3      | Reached *** piety under Jiyva
  1092 | D:3      | Found an ancient bone altar of Kikubaaqudgha.
  1133 | D:3      | Reached skill level 5 in Unarmed Combat
  1133 | D:3      | Reached XP level 4. HP: 40/40 MP: 4/4
  1134 | D:3      | Found a glowing golden altar of the Shining One.
  1136 | D:3      | Gained mutation: Your body has grown eyes which may confuse
                  | attackers. (Acc +3) [Jiyva's grace]
  1136 | D:3      | Gained mutation: Your body has grown many eyes which may
                  | confuse attackers. (Acc +5) [Jiyva's grace]
  1136 | D:3      | Gained mutation: Your body is covered in eyes which may
                  | confuse attackers. (Acc +7, SInv) [Jiyva's grace]
  1136 | D:3      | Gained mutation: You are resistant to electric shocks.
                  | (rElec) [Jiyva's grace]
  1769 | D:3      | Reached XP level 5. HP: 24/46 MP: 5/5
  1987 | D:4      | Reached **** piety under Jiyva
  2318 | D:4      | Reached XP level 6. HP: 54/54 MP: 6/6
  2522 | D:5      | Entered Level 5 of the Dungeon
  2595 | D:5      | Reached XP level 7. HP: 61/61 MP: 7/7
  2664 | D:5      | Noticed Ijyb
  2674 | D:5      | Killed Ijyb
  2682 | D:5      | Found a sparkling altar of Nemelex Xobeh.
  2690 | D:5      | Found a sacrificial altar of Ru.
  2705 | D:5      | Identified the +3 leather armour of Dice, Bag, and Bottle
                  | {rF+}
  3109 | D:6      | Reached XP level 8. HP: 68/68 MP: 8/8
  3125 | D:6      | Reached skill level 10 in Unarmed Combat
  3125 | D:6      | Reached skill level 1 in Fighting
  3128 | D:6      | Noticed Pikel
  3149 | D:6      | Killed Pikel
  3150 | D:6      | Reached skill level 2 in Fighting
  3244 | D:6      | Reached skill level 3 in Fighting
  3258 | D:6      | Reached ***** piety under Jiyva
  3289 | D:6      | Reached skill level 4 in Fighting
  3311 | D:6      | Lost mutation: You are resistant to electric shocks.
                  | (rElec) [Jiyva's grace]
  3311 | D:6      | Gained mutation: You heal very quickly. [Jiyva's grace]
  3311 | D:6      | Gained mutation: You regenerate. [Jiyva's grace]
  3311 | D:6      | Gained mutation: You have large cloven feet. [Jiyva's
                  | grace]
  3311 | D:6      | Gained mutation: You have hoof-like feet. [Jiyva's grace]
  3358 | D:6      | Identified the +1 leather armour of Miudahuj {-Cast rC++
                  | rN++}
  3476 | D:6      | Noticed a +0 spear
  3477 | D:6      | Noticed a +0 falchion
  3477 | D:6      | Noticed a +0 dagger
  3477 | D:6      | Noticed a +0 dagger
  3478 | D:6      | Noticed a +0 short sword
  3478 | D:6      | Noticed a +0 falchion
  3478 | D:6      | Noticed a +0 spear
  3478 | D:6      | Noticed a +0 short sword
  3485 | D:6      | Found a hide-covered altar of Uskayaw.
  3697 | D:7      | Reached skill level 5 in Fighting
  3862 | D:7      | Reached XP level 9. HP: 89/89 MP: 9/9
  3888 | D:7      | Reached skill level 6 in Fighting
  3934 | D:7      | Found a staircase to the Ecumenical Temple.
  4134 | D:8      | Reached skill level 7 in Fighting
  4141 | D:8      | Noticed an elephant
  4142 | D:8      | Found a staircase to the Lair.
  4150 | D:8      | Killed an elephant
  4176 | D:8      | Reached skill level 8 in Fighting
  4521 | D:8      | Reached ****** piety under Jiyva
  4558 | D:8      | Gained mutation: Your translucent skin slightly reduces
                  | your foes' accuracy. (Stealth+) [Jiyva's grace]
  4558 | D:8      | Gained mutation: Your translucent skin reduces your foes'
                  | accuracy. (Stealth+) [Jiyva's grace]
  4558 | D:8      | Gained mutation: Your transparent skin significantly
                  | reduces your foes' accuracy. (Stealth+) [Jiyva's grace]
  4558 | D:8      | Gained mutation: You are covered in thick fur. (AC +2)
                  | [Jiyva's grace]
  4694 | D:9      | Found Puefogri's Magic Scroll Shoppe.
  4703 | D:9      | Bought a scroll of identify for 32 gold pieces
  4703 | D:9      | Bought 2 scrolls of identify for 64 gold pieces
  4703 | D:9      | Bought a scroll of fear for 64 gold pieces
  4703 | D:9      | Bought a scroll of teleportation for 48 gold pieces
  4738 | D:9      | Noticed a troll
  4771 | D:9      | Killed a troll
  4817 | D:9      | Reached skill level 9 in Fighting
  4821 | D:9      | Reached XP level 10. HP: 101/107 MP: 10/10
  5117 | D:10     | Entered Level 10 of the Dungeon
  5405 | D:10     | Reached skill level 10 in Fighting
  5487 | D:10     | Found a snail-covered altar of Cheibriados.
  5499 | D:10     | Found a hazy altar of Hepliaklqana.
  5568 | D:10     | Noticed a gargoyle
  5572 | D:10     | Killed a gargoyle
  5686 | D:10     | Found a staircase to the Orcish Mines.
  5903 | D:11     | Lost mutation: You have hoof-like feet. [Jiyva's grace]
  5903 | D:11     | Lost mutation: Your transparent skin significantly reduces
                  | your foes' accuracy. (Stealth+) [Jiyva's grace]
  5903 | D:11     | Lost mutation: Your translucent skin reduces your foes'
                  | accuracy. (Stealth+) [Jiyva's grace]
  5903 | D:11     | Gained mutation: Your rubbery body absorbs attacks. (AC +1,
                  | EV +1) [Jiyva's grace]
  5903 | D:11     | Gained mutation: Your pliable body absorbs attacks. (AC +2,
                  | EV +2) [Jiyva's grace]
  5903 | D:11     | Gained mutation: Your gelatinous body deflects attacks. (AC
                  | +3, EV +3) [Jiyva's grace]
  5903 | D:11     | Gained mutation: Armour fits poorly on your pseudopods.
                  | [Jiyva's grace]
  5904 | D:11     | Noticed a five-headed hydra
  5924 | D:11     | Killed a five-headed hydra
  5925 | D:11     | Reached skill level 11 in Fighting
  5934 | D:11     | Noticed a two-headed ogre
  5940 | D:11     | Killed a two-headed ogre
  5991 | D:11     | Reached XP level 11. HP: 123/123 MP: 11/11
  5997 | D:11     | Reached skill level 12 in Fighting
  6088 | D:11     | Found a gate leading to a gauntlet.
  6098 | Gauntlet | Entered a Gauntlet
  6098 | Gauntlet | Found a transporter.
  6102 | Gauntlet | Noticed a four-headed hydra
  6103 | Gauntlet | Found a transporter.
  6104 | Gauntlet | Found a transporter.
  6105 | Gauntlet | Noticed a ghost crab
  6106 | Gauntlet | Found a transporter.
  6108 | Gauntlet | Found a transporter.
  6123 | Gauntlet | Noticed a hell hog
  6126 | Gauntlet | Found a transporter.
  6260 | D:11     | Found a flickering gateway to a bazaar.
  6266 | Bazaar   | Entered a bazaar
  6272 | Bazaar   | Found Xiemeru's Magic Scroll Shop.
  6272 | Bazaar   | Found Zinooreu's Jewellery Boutique.
  6284 | Bazaar   | Bought a scroll of identify for 18 gold pieces
  6284 | Bazaar   | Bought a scroll of identify for 18 gold pieces
  6284 | Bazaar   | Bought a scroll of identify for 18 gold pieces
  6284 | Bazaar   | Bought a scroll of identify for 18 gold pieces
  6766 | Lair:1   | Entered Level 1 of the Lair of Beasts
  6814 | Lair:1   | Noticed a five-headed hydra
  6832 | Lair:1   | Killed a seven-headed hydra
  6933 | Lair:1   | Reached skill level 5 in Dodging
  7137 | Lair:1   | Noticed a seven-headed hydra
  7259 | Lair:1   | Killed an 11-headed hydra
  7274 | Lair:1   | Noticed a catoblepas
  7320 | Lair:1   | Reached skill level 1 in Evocations
  7374 | Lair:1   | Noticed a catoblepas
  7387 | Lair:1   | Killed a catoblepas
  7506 | Lair:1   | You fall into a shaft and drop 1 floor!
  7525 | Lair:2   | Found a hole to the Spider Nest.
  7544 | Lair:2   | Noticed a catoblepas
  7568 | Lair:2   | Found a white marble altar of Elyvilon.
  7647 | Lair:2   | Reached skill level 5 in Evocations
  7748 | Lair:2   | Killed a catoblepas
  7749 | Lair:2   | Reached XP level 12. HP: 128/132 MP: 12/12
  7839 | Lair:2   | Lost mutation: You have large cloven feet. [Jiyva's grace]
  7839 | Lair:2   | Lost mutation: You regenerate. [Jiyva's grace]
  7839 | Lair:2   | Lost mutation: Your body is covered in eyes which may
                  | confuse attackers. (Acc +7, SInv) [Jiyva's grace]
  7839 | Lair:2   | Lost mutation: Your gelatinous body deflects attacks. (AC
                  | +3, EV +3) [Jiyva's grace]
  7839 | Lair:2   | Gained mutation: Your system is resistant to poisons.
                  | (rPois) [Jiyva's grace]
  7839 | Lair:2   | Gained mutation: You have a small jelly attached to you
                  | that may absorb projectiles. [Jiyva's grace]
  7839 | Lair:2   | Gained mutation: You are robust. (+10% HP) [Jiyva's grace]
  7839 | Lair:2   | Gained mutation: You are very robust. (+20% HP) [Jiyva's
                  | grace]
  8212 | Lair:2   | Found a staircase to the Shoals.
  8853 | Lair:1   | Killed a catoblepas
  9019 | Lair:3   | Noticed a death yak
  9020 | Lair:3   | Noticed a death yak
  9033 | Lair:3   | Noticed a death yak
  9035 | Lair:3   | Slimified a death yak
  9035 | Lair:3   | Noticed an acid blob
  9035 | Lair:3   | a death yak changed into an acid blob
  9041 | Lair:3   | Killed a death yak
  9044 | Lair:3   | Killed a death yak
  9157 | Lair:3   | Noticed an eight-headed hydra
  9168 | Lair:3   | Slimified an eight-headed hydra
  9168 | Lair:3   | an eight-headed hydra changed into a slime creature
  9573 | Lair:3   | Lost mutation: Your system is resistant to poisons. (rPois)
                  | [Jiyva's grace]
  9573 | Lair:3   | Lost mutation: You are very robust. (+20% HP) [Jiyva's
                  | grace]
  9573 | Lair:3   | Lost mutation: Your body has grown many eyes which may
                  | confuse attackers. (Acc +5) [Jiyva's grace]
  9573 | Lair:3   | Lost mutation: Armour fits poorly on your pseudopods.
                  | [Jiyva's grace]
  9573 | Lair:3   | Lost mutation: Your translucent skin slightly reduces your
                  | foes' accuracy. (Stealth+) [Jiyva's grace]
  9573 | Lair:3   | Gained mutation: You are partially covered in iridescent
                  | scales. (AC +2) [Jiyva's grace]
  9573 | Lair:3   | Gained mutation: You are mostly covered in iridescent
                  | scales. (AC +4) [Jiyva's grace]
  9573 | Lair:3   | Gained mutation: You are completely covered in iridescent
                  | scales. (AC +6) [Jiyva's grace]
  9573 | Lair:3   | Gained mutation: Your flesh is cold resistant. (rC+)
                  | [Jiyva's grace]
  9934 | Lair:4   | Reached skill level 10 in Dodging
  9997 | Lair:4   | Noticed a five-headed hydra
 10007 | Lair:4   | Slimified a five-headed hydra
 10007 | Lair:4   | Noticed an azure jelly
 10007 | Lair:4   | a five-headed hydra changed into an azure jelly
 10027 | Lair:4   | Found a viscous altar of Jiyva.
 10028 | Lair:4   | Found a staircase to the Slime Pits.
 10038 | Slime:1  | Entered Level 1 of the Pits of Slime
 10038 | Slime:1  | Noticed a quicksilver ooze
 10038 | Slime:1  | Noticed a rockslime
 10039 | Slime:1  | Noticed a rockslime
 10082 | Lair:4   | Noticed a four-headed hydra
 10097 | Lair:4   | Slimified a four-headed hydra
 10097 | Lair:4   | Noticed an acid blob
 10097 | Lair:4   | a four-headed hydra changed into an acid blob
 10880 | Lair:5   | Entered Level 5 of the Lair of Beasts
 10880 | Lair:5   | Noticed a four-headed hydra
 10887 | Lair:4   | Slimified a four-headed hydra
 10887 | Lair:4   | a four-headed hydra changed into a slime creature
 10908 | Lair:5   | Killed quakins's ghost
 10912 | Lair:4   | Reached skill level 1 in Stealth
 11003 | Lair:5   | Identified the amulet of Olorich {Reflect Fly rElec rF++
                  | Str-3 SH+5}
 11102 | Lair:5   | Reached XP level 13. HP: 114/154 MP: 13/13
 11348 | Lair:5   | Found a runed translucent gate.
 11348 | Lair:5   | Found a runed translucent gate.
 11348 | Lair:5   | Found a runed translucent gate.
 11350 | Lair:5   | Noticed a rockslime
 11350 | Lair:5   | Noticed an acid blob
 11350 | Lair:5   | Noticed an acid blob
 11350 | Lair:5   | Noticed an azure jelly
 11351 | Lair:5   | Noticed an acid blob
 11351 | Lair:5   | Noticed an azure jelly
 11351 | Lair:5   | Noticed an azure jelly
 11352 | Lair:5   | Noticed an acid blob
 11352 | Lair:5   | Noticed an azure jelly
 11353 | Lair:5   | Noticed an azure jelly
 11356 | Lair:5   | Found a viscous altar of Jiyva.
 11650 | Lair:5   | Found a large runed translucent door.
 11656 | Lair:5   | Found a large runed translucent door.
 11660 | Lair:5   | Noticed a fire dragon
 11671 | Lair:5   | Slimified a fire dragon
 11671 | Lair:5   | a fire dragon changed into a slime creature
 11684 | Lair:5   | Identified the +2 leather armour "Weff" {Int+3}
 11915 | Lair:5   | Lost mutation: You are completely covered in iridescent
                  | scales. (AC +6) [Jiyva's grace]
 11915 | Lair:5   | Gained mutation: You are agile. (Dex +4, Str/Int -1)
                  | [Jiyva's grace]
 11915 | Lair:5   | Gained mutation: You are very agile. (Dex +8, Str/Int -2)
                  | [Jiyva's grace]
 11915 | Lair:5   | Gained mutation: You are covered in slimy tendrils that may
                  | disarm your opponents. [Jiyva's grace]
 11915 | Lair:5   | Gained mutation: Your mind is acute. (Int +4, Str/Dex -1)
                  | [Jiyva's grace]
 12173 | Slime:1  | Noticed an azure jelly
 12174 | Slime:1  | Noticed a rockslime
 12178 | Slime:1  | Noticed an azure jelly
 12179 | Slime:1  | Noticed an acid blob
 12180 | Slime:1  | Noticed an azure jelly
 12230 | Slime:1  | Noticed an acid blob
 12356 | Slime:2  | Noticed a quicksilver ooze
 12579 | Slime:2  | Noticed a rockslime
 12579 | Slime:2  | Noticed an acid blob
 12673 | Slime:4  | Noticed an acid blob
 12673 | Slime:4  | Noticed an azure jelly
 12681 | Slime:4  | Noticed a rockslime
 12688 | Slime:4  | Noticed a quicksilver ooze
 12705 | Slime:4  | Noticed a quicksilver ooze
 12855 | Slime:4  | Noticed an azure jelly
 12934 | Slime:3  | Noticed an acid blob
 12934 | Slime:3  | Noticed a rockslime
 12984 | Slime:3  | Noticed an acid blob
 13040 | Slime:3  | Noticed an acid blob
 13146 | Slime:5  | Entered Level 5 of the Pits of Slime
 13146 | Slime:5  | Noticed an acid blob
 13176 | Slime:5  | Noticed an acid blob
 13179 | Slime:5  | Noticed a rockslime
 13180 | Slime:5  | Noticed an acid blob
 13332 | Slime:5  | Noticed an azure jelly
 13335 | Slime:5  | Found a viscous altar of Jiyva.
 13336 | Slime:5  | Found the +3 Mad Mage's Maulers {Infuse+∞ RegenMP Int-3}
 13336 | Slime:5  | Noticed a quicksilver ooze
 13338 | Slime:5  | Found the amulet of Vitality {RegenMP++ Regen++}
 13339 | Slime:5  | Identified the +2 ring mail of the Arena {Will++ Str+7
                  | Slay-4}
 13342 | Slime:5  | Got a slimy rune of Zot
 13343 | Slime:5  | Identified the +4 plate armour "Zecw" {+Inv Slay+5}
 13345 | Slime:5  | Noticed an acid blob
 13346 | Slime:5  | Noticed an acid blob
 13353 | Slime:5  | Identified the ring "Cylo" {rPois rN+ Str+2 Stlth+}
 13358 | Slime:5  | Identified the +6 battleaxe of Beotent {protect, rElec}
 13361 | Slime:5  | Identified the +1 leather armour "Werghafi" {Str+2}
 13371 | Slime:5  | Got the Precepts of the Quarry
 13373 | Slime:5  | Identified the +10 scimitar "Orhenis" {freeze, rElec SInv
                  | Stlth-}
 13380 | Slime:5  | Identified the ring "Cuedus" {Fire Drain rN+++ SInv}
 13395 | Slime:5  | Identified the +2 leather armour of Seururol {Int+9}
 13402 | Slime:5  | Noticed the Royal Jelly
 13408 | Slime:5  | Noticed an acid blob
 13414 | Slime:5  | Noticed an azure jelly
 13470 | Slime:5  | Noticed a quicksilver ooze
 14231 | D:12     | Noticed an azure jelly
 14231 | D:12     | a four-headed hydra changed into an azure jelly
 14239 | D:12     | Found the +18 Lear's hauberk
 14575 | D:13     | Noticed Azrael
 14602 | D:13     | Killed Azrael
 14662 | D:13     | Reached skill level 13 in Fighting
 15341 | D:14     | Found Kuovviza's Jewellery Emporium.
 15392 | D:14     | Lost mutation: Your pliable body absorbs attacks. (AC +2,
                  | EV +2) [Jiyva's grace]
 15392 | D:14     | Gained mutation: You have sharp toenails. [Jiyva's grace]
 15392 | D:14     | Gained mutation: You have razor-sharp toenails. [Jiyva's
                  | grace]
 15392 | D:14     | Gained mutation: You have claws for feet. [Jiyva's grace]
 15392 | D:14     | Gained mutation: You are partially covered in large bone
                  | plates. (SH +4) [Jiyva's grace]
 15430 | D:14     | Found an ancient bone altar of Kikubaaqudgha.
 15546 | D:14     | Reached XP level 14. HP: 152/168 MP: 14/14
 15558 | D:14     | Reached skill level 5 in Transmutations
 15696 | D:14     | Found a gate to the Vaults.
 16355 | D:14     | Noticed Rupert
 16364 | D:14     | Killed Rupert
 16365 | D:14     | Reached skill level 14 in Fighting
 16487 | D:14     | Identified the ring of Sestruemm {Wiz rC+ rN+ Dex+2 SInv}
 16614 | D:15     | Entered Level 15 of the Dungeon
 16822 | D:15     | Paralysed by something for 4 turns
 16830 | D:15     | Reached skill level 15 in Fighting
 17056 | D:15     | Identified the ring of Efeco {rPois rC+++ Will+ Str+5}
 17197 | D:15     | Found a staircase to the Depths.
 17197 | D:15     | Noticed a stone giant
 17206 | D:15     | Killed a stone giant
 17596 | Orc:1    | Entered Level 1 of the Orcish Mines
 17596 | Orc:1    | Lost mutation: You are mostly covered in iridescent scales.
                  | (AC +4) [Jiyva's grace]
 17596 | Orc:1    | Lost mutation: You are partially covered in iridescent
                  | scales. (AC +2) [Jiyva's grace]
 17596 | Orc:1    | Lost mutation: Your flesh is cold resistant. (rC+) [Jiyva's
                  | grace]
 17596 | Orc:1    | Lost mutation: You are covered in slimy tendrils that may
                  | disarm your opponents. [Jiyva's grace]
 17596 | Orc:1    | Lost mutation: You have a small jelly attached to you that
                  | may absorb projectiles. [Jiyva's grace]
 17596 | Orc:1    | Gained mutation: Your muscles are strong. (Str +4, Int/Dex
                  | -1) [Jiyva's grace]
 17596 | Orc:1    | Gained mutation: Your muscles are very strong. (Str +8,
                  | Int/Dex -2) [Jiyva's grace]
 17596 | Orc:1    | Gained mutation: You are mostly covered in large bone
                  | plates. (SH +6) [Jiyva's grace]
 17596 | Orc:1    | Gained mutation: You are completely covered in large bone
                  | plates. (SH +8) [Jiyva's grace]
 17952 | Orc:2    | Entered Level 2 of the Orcish Mines
 18035 | Orc:2    | Learned a level 2 spell: Wereblood
 18038 | Orc:2    | Learned a level 2 spell: Passwall
 18118 | Orc:2    | Reached XP level 15. HP: 173/185 MP: 15/15
 18163 | Orc:2    | Reached skill level 16 in Fighting
 18503 | Orc:2    | Noticed Saint Roka
 18667 | Orc:2    | Killed Saint Roka
 18707 | Orc:2    | Found Qoolo's General Store.
 18835 | Orc:2    | Found Quinkeq's Magic Scroll Shoppe.
 18848 | Orc:2    | Bought a scroll of summoning for 104 gold pieces
 18848 | Orc:2    | Bought a scroll of identify for 22 gold pieces
 18974 | Orc:2    | Identified the +3 long sword "Femit" {drain, Str+3 Dex+3
                  | SInv}
 19043 | Orc:2    | Noticed an orc warlord
 19070 | Orc:2    | Killed an orc warlord
 19167 | Orc:2    | Found Minwos's Book Boutique.
 19260 | Orc:2    | Found Geraph's Jewellery Shop.
 19441 | Orc:2    | Found a staircase to the Elven Halls.
 19665 | Orc:2    | Bought a scroll of poison for 44 gold pieces
 19665 | Orc:2    | Bought a scroll of poison for 44 gold pieces
 19665 | Orc:2    | Bought a scroll of silence for 104 gold pieces
 19665 | Orc:2    | Bought a scroll of silence for 104 gold pieces
 19675 | Orc:2    | Bought a potion of cancellation for 112 gold pieces
 19675 | Orc:2    | Bought a scroll of blinking for 105 gold pieces
 19770 | D:9      | Bought a scroll of teleportation for 48 gold pieces
 19870 | Shoals:1 | Entered Level 1 of the Shoals
 20163 | Shoals:1 | Lost mutation: You are completely covered in large bone
                  | plates. (SH +8) [Jiyva's grace]
 20163 | Shoals:1 | Lost mutation: You are very agile. (Dex +8, Str/Int -2)
                  | [Jiyva's grace]
 20163 | Shoals:1 | Lost mutation: Your muscles are very strong. (Str +8,
                  | Int/Dex -2) [Jiyva's grace]
 20163 | Shoals:1 | Lost mutation: Your body has grown eyes which may confuse
                  | attackers. (Acc +3) [Jiyva's grace]
 20163 | Shoals:1 | Gained mutation: You are covered in slimy tendrils that may
                  | disarm your opponents. [Jiyva's grace]
 20163 | Shoals:1 | Gained mutation: You have acidic saliva. [Jiyva's grace]
 20163 | Shoals:1 | Gained mutation: Your translucent skin slightly reduces
                  | your foes' accuracy. (Stealth+) [Jiyva's grace]
 20163 | Shoals:1 | Gained mutation: Your translucent skin reduces your foes'
                  | accuracy. (Stealth+) [Jiyva's grace]
 20184 | Shoals:1 | Found a shimmering altar of Xom.
 20252 | Shoals:1 | Found an ancient bone altar of Kikubaaqudgha.
 20682 | Shoals:2 | Reached skill level 1 in Earth Magic
 21389 | Shoals:3 | Reached XP level 16. HP: 106/196 MP: 16/16
 21396 | Shoals:3 | Demolished by a merfolk

Illustrated notes

Levels and vault maps discovered:
D:1:      tarquinn_simple_flora_water_a, layout_rooms,
          shapermc_ecumenical_altar_starsandcircs
D:2:      layout_basic, minmay_heptomino_d4
D:3:      layout_loops_ring, amcnicky_altar_gilded,
          nicolae_tso_besieged_by_evil, cheibrodos_gnoll_hut
D:4:      layout_rooms
D:5:      layout_basic, mainiacjoe_overflow_large_starburst, uniq_ijyb
D:6:      layout_cave_pools, nicolae_uskayaw_en_pointe, uniq_pikel
D:7:      cheibrodos_quashed, layout_cave_pools,
          minmay_temple_entry_enclosed_plants, minivault_23
D:8:      layout_loops_cross, david_lair_generic
D:9:      layout_big_octagon, serial_shops, nicolae_shop_stone
D:10:     layout_gridville, mainiacjoe_overflow_concentric_impassable,
          cheibriados_altar_1, orc_0_dummy
D:11:     layout_gridville, serial_shops, bzr_entry_safe,
          gauntlet_entry_generic, kennysheep_minor_cross
D:12:     layout_loops_ring
D:13:     layout_basic, special_room [special_room_orc], grunt_ministairs_2,
          uniq_azrael
D:14:     fort_yaktaur, layout_basic, david_vaults_2, serial_shops, shop,
          kiku_gazebo_pond_becter, uniq_rupert
D:15:     grunt_enter_depths_snipers, layout_stronghold,
          hangedman_decor_growths, wad_dig_loot
Lair:1:   layout_roguey, nicolae_lair_grazing_beasts
          [nicolae_sub_lair_graze_edge, nicolae_sub_lair_graze_edge,
          nicolae_sub_lair_graze_edge, nicolae_sub_lair_graze_edge],
          grunt_megastairs_5
Lair:2:   layout_cave_pods, minmay_shoals_entry_lonely_mermaid,
          spider_nest_entry_webs, basic_altar, chequers_serial_rivers_micro_e
Lair:3:   layout_regular_city, chequers_serial_rivers_micro_b
Lair:4:   layout_layer_cave, dpeg_slime_entry_enclosed, grunt_megastairs_3
Lair:5:   cheibrodos_lair_end_hotspot, layout_regular_city, gammafunk_ghost_ooze
Shoals:1: layout_shoals, hangedman_feature_mirror
Shoals:2: layout_shoals
Shoals:3: gammafunk_sealed_arena, layout_shoals
Slime:1:  layout_caves
Slime:2:  layout_caves
Slime:3:  layout_caves
Slime:4:  layout_caves
Slime:5
Orc:1:    layout_caves
Orc:2:    pubby_orc_utopia, uniq_saint_roka

Skill      XL: |  1  2  3  4  5  6  7  8  9 10 11 12 13 14 15 |
---------------+----------------------------------------------+-----
Unarmed Combat | 4 5 6 8 9 10 14 | 14.0
Fighting       | 5 9 11 12 13 15 16 | 16.0
Dodging        | 6 10 11 | 11.0
Evocations     | 5 6 |  6.0
Transmutations | 3 4 6 |  6.0
Stealth        | 2 4 |  4.0
Earth Magic    | 1 |  1.1
Spellcasting   | |  1.2

Action                   |  1- 3 |  4- 6 |  7- 9 | 10-12 | 13-15 | 16-18 || total
-------------------------+-------+-------+-------+-------+-------+-------++-------
Melee: Unarmed           |    90 |    83 |   168 |   395 |  1172 |     5 ||  1913
       Punch             |       |     4 |     9 |    30 |    94 |     1 ||   138
       Kick              |       |       |    25 |    82 |   325 |     1 ||   433
       Pseudopods        |       |       |       |    66 |       |       ||    66
       Headbutt          |       |       |       |       |    22 |       ||    22
       Bite              |       |       |       |       |    18 |     2 ||    20
 Cast: Beastly Appendage |       |       |       |       |    11 |       ||    11
Invok: Oozemancy         |       |       |       |     5 |     5 |       ||    10
       Slimify           |       |       |       |     5 |     3 |       ||     8
Evoke: Wand              |       |       |       |    15 |     7 |       ||    22
  Use: Potion            |       |       |     2 |     1 |     1 |     1 ||     5
       Scroll            |       |       |     7 |     2 |    13 |       ||    22
 Stab: Confused          |       |     3 |     3 |    19 |    14 |       ||    39
       Sleeping          |       |       |       |     1 |    17 |       ||    18
       Distracted        |       |       |       |       |     1 |       ||     1
Armor: Robe              |    25 |    13 |    37 |    90 |    54 |       ||   219
       Acid dragon scale |       |       |       |       |   198 |       ||   198
       Troll leather arm |       |       |       |       |    59 |       ||    59
Dodge: Dodged            |    47 |    44 |    63 |   241 |   728 |     3 ||  1126
Block: Other             |       |       |       |     2 |   308 |       ||   310
